 Dungeon Crawl Stone Soup version 0.25.1-2-g60ff931df9 (webtiles) character file.

Game seed: 12371677285489469031

119 funkygono the Stinger (level 4, -1/30 HPs)
             Began as a Demonspawn Venom Mage on Oct 4, 2020.
             Killed from afar by Natasha (6 damage)
             ... with a magic dart
             ... on level 2 of the Dungeon.
             The game lasted 00:05:26 (2338 turns).

funkygono the Stinger (Demonspawn Venom Mage)       Turns: 2338, Time: 00:05:27

Health: -1/30      AC:  2    Str: 15    XL:     4   Next: 73%
Magic:  3/8        EV: 12    Int: 17    God:
Gold:   75         SH:  0    Dex: 13    Spells: 3/9 levels left

rFire    . . .     SeeInvis .   i - +1 club
rCold    . . .     Gourm    .   (no shield)
rNeg     . . .     Faith    .   a - +0 robe
rPois    .         Spirit   .   (no helmet)
rElec    .         Reflect  .   (no cloak)
rCorr    .         Harm     .   (no gloves)
MR       .....                  (no boots)
Stlth    ++........             (no amulet)
HPRegen  0.10/turn              e - ring of wizardry
MPRegen  0.11/turn              h - +6 ring of strength (curse)

@: slowed, very slow
A: claws 1, demonic guardian 1
a: no special abilities


You were on level 2 of the Dungeon.
You were not hungry.

You visited 1 branch of the dungeon, and saw 2 of its levels.

You collected 75 gold pieces.

Inventory:

Hand Weapons
 i - a +1 club (weapon)
Missiles
 f - 144 stones (quivered)
Armour
 a - a +0 robe (worn)
 k - a +0 cloak
Jewellery
 e - a ring of wizardry (left claw)
 h - a cursed +6 ring of strength (right claw)
Scrolls
 b - a scroll of random uselessness {unknown}
 j - a scroll of fog {unknown}
Potions
 d - a potion of flight {unknown}
Comestibles
 c - 6 rations
 g - 2 chunks of flesh


   Skills:
 + Level 2.0 Dodging
 + Level 1.8 Stealth
 + Level 3.0 Spellcasting
 + Level 1.4 Transmutations
 + Level 1.3 Air Magic
 + Level 4.0 Poison Magic


You had 3 spell levels left.
You knew the following spells:

 Your Spells              Type           Power        Failure   Level  Hunger
a - Sting                 Tmut/Pois      ##..         2%          1    None
b - Poisonous Vapours     Pois/Air       ##....       3%          2    ##.....
c - Mephitic Cloud        Conj/Pois/Air  #.......     11%         3    ###....

Your spell library contained the following spells:

 Spells                   Type           Power        Failure   Level  Hunger
 Ignite Poison            Fire/Tmut/Pois #.......     10%         3    ###....
 Olgreb's Toxic Radiance  Pois           ###.....     13%         4    ####...


Dungeon Overview and Level Annotations

Branches:
Dungeon (2/15)

Altars:

Annotations:
D:2 Natasha


Innate Abilities, Weirdness & Mutations

You have sharp fingernails.
A weak demonic guardian rushes to your aid.


Message History

Aim: Natasha (heavily wounded)
The sting hits Natasha.
Natasha is poisoned.
Natasha is severely wounded.
Natasha claws you!
* * * LOW HITPOINT WARNING * * *
You hit Natasha.
Natasha is severely wounded.
Natasha casts a spell at you.
You feel yourself slow down.
The crimson imp blinks!
Casting: Sting (safe; 2% risk of failure)
Confirm with . or Enter, or press ? or * to list all spells.
Aiming: Sting (safe; 2% risk of failure)
Press: ? - help, Shift-Dir - straight line, f/p - Natasha
Aim: Natasha (severely wounded, poisoned)
The sting hits Natasha.
Natasha looks even sicker.
Natasha is almost dead.
Natasha barely misses you.
Natasha stares at you and mumbles some strange words.
The magic dart hits you.
You die...

.....#.#.## ..≈≈.)
####.#.#.# #≈≈≈≈..
# #.# #.#####
.≈.≈≈.. # ...
#.....# .≈≈≈≈≈.
##.#.#######.#
.≈≈≈≈.. .....# #.#
.≈≈≈≈.. .....#
####.######.≈≈≈≈..
<....#
#....÷..##..≈≈5≈..
.....#
#.##.#..@h§≈≈≈≈≈.#
..... #
#.#..###..≈≈≈.#
..#..# .≈≈≈≈.#
#.##..# ≈≈≈≈≈.# ..
...# .≈≈≈≈##
###### ......##
.≈≈≈≈≈# .<...#
##.#### .≈≈≈≈≈≈
..##.######.
#.#.........


You could see Natasha (very poisoned) and a crimson imp (summoned, poisoned).

Vanquished Creatures
  Natasha (D:2)
  4 adders (D:2)
  A worm (D:2)
  2 leopard geckos (D:1)
  5 bats
  4 giant cockroaches (D:1)
  8 goblins
  3 hobgoblins
  8 jackals
  A ball python (D:1)
  2 frilled lizards (D:2)
  9 kobolds
  10 rats
58 creatures vanquished.

Notes
Turn   | Place    | Note
-------+----------+-------------------------------------------
     0 | D:1      | funkygono the Demonspawn Venom Mage began the quest for the
                  | Orb.
     0 | D:1      | Reached XP level 1. HP: 13/13 MP: 3/3
   199 | D:1      | Gained mutation: You have sharp fingernails. [demonic
                  | ancestry]
   199 | D:1      | Reached XP level 2. HP: 11/19 MP: 0/5
   404 | D:1      | Learned a level 2 spell: Poisonous Vapours
   645 | D:1      | Reached skill level 1 in Transmutations
   869 | D:1      | Gained mutation: A weak demonic guardian rushes to your
                  | aid. [demonic ancestry]
   869 | D:1      | Reached XP level 3. HP: 24/24 MP: 1/6
  1318 | D:2      | Learned a level 3 spell: Mephitic Cloud
  1325 | D:2      | Noticed Natasha
  1331 | D:2      | Killed Natasha
  1426 | D:2      | Reached XP level 4. HP: 17/30 MP: 2/8
  1670 | D:2      | Reached skill level 1 in Air Magic
  1956 | D:2      | Reached skill level 4 in Poison Magic
  2323 | D:2      | Noticed Natasha
  2338 | D:2      | Killed from afar by Natasha

Illustrated notes

Levels and vault maps discovered:
D:1:      scummos_arrival_simple_fountains, layout_basic, minmay_misc_feat_alley
D:2:      layout_loops_cross, first_ration, moated_statue, grunt_ministairs_3,
          chequers_serial_rivers_large_a, uniq_natasha

Skill      XL: |  1  2  3  4 |
---------------+-------------+-----
Transmutations | 1 |  1.4
Dodging        | 2 |  2.0
Air Magic      | 1 |  1.3
Spellcasting   | 3 |  3.0
Poison Magic   | 4 |  4.0
Stealth        | |  1.8

Action                   |  1- 3 |  4- 6 || total
-------------------------+-------+-------++-------
Melee: Unarmed           |    14 |       ||    14
       Club              |     8 |    22 ||    30
 Cast: Sting             |    35 |    20 ||    55
       Poisonous Vapours |    17 |    14 ||    31
       Mephitic Cloud    |       |     1 ||     1
  Use: Scroll            |     2 |       ||     2
  Eat: Chunk             |     3 |     4 ||     7
Armor: Robe              |     4 |     3 ||     7
Dodge: Dodged            |    23 |    25 ||    48
